 Dungeon Crawl Stone Soup version 0.17.1-3-g152610e (webtiles) character file.

92713 inmateoo the Grappler (level 15, 0/145 HPs)
             Began as a Troll Fire Elementalist on Apr 21, 2016.
             Was the Champion of Cheibriados.
             Slain by a jumping spider (12 damage)
             ... on level 1 of the Spider Nest.
             The game lasted 00:57:27 (25709 turns).

inmateoo the Grappler (Troll Fire Elementalist)    Turns: 25709, Time: 00:57:27

Health: 0/145      AC: 13    Str: 40      XL:     15   Next: 58%
Magic:  21/21      EV: 17    Int: 26      God:    Cheibriados [******]
Gold:   2841       SH: 14    Dex: 24 (25) Spells: 7 memorised, 1 level left

rFire  + . .     SeeInvis +       - Unarmed
rCold  + + .     Rnd*Rage +     P - +2 robe {rC+ rF+}
rNeg   + . .     SustAt   .     X - +2 shield {AC+3}
rPois  +         Gourm    +     (helmet restricted)
rElec  .         Spirit   .     V - +1 cloak
rCorr  +         Warding  .     (gloves unavailable)
rMut   .         Stasis   .     (boots unavailable)
MR     ++...                    G - amulet "Paikhlykk" {rCorr +Inv Str+4}
Stlth  +++.......               R - ring of poison resistance
                                K - ring of Shadows {Umbra +Inv rN+ SInv}

@: lethally poisoned (0 -> -1), wreathed by umbra, repel missiles, very slow,
very resistant to hostile enchantments, fairly stealthy
A: unfitting armour, claws 3, molten scales 1, berserk 1, blurry vision 1, cold
resistance 1, deterioration 1, fast metabolism 3, gourmand, magic resistance 1,
mutation resistance 1, regeneration 3, shaggy fur 1, spit poison 1, tough skin
2, weak 2, subdued magic 1
a: Spit Poison, Bend Time, Temporal Distortion, Slouch, Step From Time, Renounce
Religion, Evoke Invisibility


You were on level 1 of the Spider Nest.
You worshipped Cheibriados.
Cheibriados was exalted by your worship.
You were very full.

You visited 5 branches of the dungeon, and saw 29 of its levels.
You also visited: Sewer, Ossuary and Volcano.

You collected 3096 gold pieces.
You spent 255 gold pieces at shops.

Inventory:

Hand Weapons
 y - the +6 scimitar of Flaming Death {sticky flame, rPois rF++ rC- MR+}
   (You took it off Azrael on level 12 of the Dungeon)

   It has been specially enchanted to burn those struck by it, causing extra
   injury to most foes and up to half again as much damage against particularly
   susceptible opponents.
   Big, fiery blades are also staple armaments of hydra-hunters.
   It greatly protects you from fire.
   It makes you vulnerable to cold.
   It protects you from poison.
   It affects your resistance to hostile enchantments.
Missiles
 e - 2 throwing nets
 I - 20 large rocks (quivered)
Armour
 P - a +2 robe of resistance (worn)
 V - a +1 cloak (worn)
 X - a +2 shield of protection (worn)
Rods
 T - a +0 rod of clouds (10/10)
   (You found it on level 12 of the Dungeon)
Jewellery
 k - an uncursed ring of wizardry
 n - an uncursed ring of see invisible
 G - the amulet "Paikhlykk" (around neck) {rCorr +Inv Str+4}
   (You found it on level 6 of the Dungeon)

   [amulet of resist corrosion]

   It protects you from acid and corrosion.
   It affects your strength (+4).
   It lets you turn invisible.
 K - the ring of Shadows (left claw) {Umbra +Inv rN+ SInv}
   (You found it on level 13 of the Dungeon)

   [ring of invisibility]

   It protects you from negative energy.
   It lets you see invisible.
   It lets you turn invisible.
 N - an uncursed amulet of clarity
 Q - an uncursed ring of fire
 R - a ring of poison resistance (right claw)
Wands
 b - a wand of cold (1)
 x - a wand of fireball (5)
 A - a wand of draining (4)
 C - a wand of invisibility (2)
 L - a wand of lightning (5)
Scrolls
 g - 8 scrolls of amnesia
 h - 3 scrolls of teleportation
 j - 6 scrolls of fog
 l - 4 scrolls of magic mapping
 t - 2 scrolls of blinking
 w - 5 scrolls of recharging
 E - 11 scrolls of remove curse
 F - a scroll of enchant armour
 M - 2 scrolls of fear
 S - 3 scrolls of identify
Potions
 a - 2 potions of invisibility
 f - 14 potions of curing
 i - 7 potions of brilliance
 m - 2 potions of lignification
 o - 3 potions of cancellation
 p - 2 potions of might
 q - a potion of ambrosia
 s - 2 potions of flight
 u - 3 potions of resistance
 v - 4 potions of heal wounds
 D - 2 potions of magic
 H - 4 potions of agility
 J - 2 potions of beneficial mutation
Books
 O - a book of Burglary

   Spells                             Type                      Level
   a - Swiftness                      Charms/Air                   2
   b - Passwall                       Transmutation/Earth          3
   c - Passage of Golubria            Translocation                4
   d - Lee's Rapid Deconstruction     Earth                        5
   e - Darkness                       Hexes                        6
   f - Invisibility                   Hexes                        6
 U - a book of Air

   Spells                             Type                      Level
   a - Shock                          Conjuration/Air              1
   b - Swiftness                      Charms/Air                   2
   c - Repel Missiles                 Charms/Air                   2
   d - Static Discharge               Conjuration/Air              3
   e - Lightning Bolt                 Conjuration/Air              5
Comestibles
 c - 17 bread rations
 d - 7 royal jellies
 r - 9 meat rations
 z - 14 fruits
 Y - a beef jerky


   Skills:
 + Level 8.8 Fighting
 + Level 9.7 Throwing
 + Level 9.1 Dodging
 - Level 1.1 Stealth
 + Level 4.6 Shields
 * Level 14.6 Unarmed Combat
 + Level 4.7 Spellcasting
 - Level 0.6 Conjurations
 + Level 5.0 Transmutations
 - Level 2.1 Fire Magic
 + Level 6.7 Earth Magic
 + Level 8.2 Invocations


You had one spell level left.
You knew the following spells:

 Your Spells              Type           Power        Failure   Level  Hunger
a - Flame Tongue          Conj/Fire      #....        5%          1    None
b - Conjure Flame         Conj/Fire      #.......     21%         3    ##.....
c - Petrify               Trmt/Erth      ###.....     9%          4    ####...
d - Deflect Missiles      Chrm/Air       #.........   100%        6    #######
e - Stoneskin             Trmt/Erth      ###.....     1%          2    None
f - Repel Missiles        Chrm/Air       #.....       21%         2    None
g - Passage of Golubria   Tloc           N/A          98%         4    ####...


Dungeon Overview and Level Annotations

Branches:
Dungeon (15/15)            Temple (1/1) D:5            Lair (8/8) D:8
 Shoals (0/4) Lair:4       Spider (1/4) Lair:3        Slime (0/6) Lair:8
    Orc (4/4) D:11            Elf (0/3) Orc:3        Vaults (0/5) D:14
 Depths (0/5) D:15

Altars:
Ashenzari
Cheibriados
Dithmenos
Elyvilon
Fedhas
Gozag
Kikubaaqudgha
Makhleb
Nemelex Xobeh
Okawaru
Qazlal
Ru
Sif Muna
Trog
Vehumet
Xom
Zin
The Shining One
Beogh

Shops:
D:4 (   D:7 :   D:12 :   Orc:4 %%%=

Annotations:
Lair:6 exclusion: 3 oklob plants


Innate Abilities, Weirdness & Mutations

You are too large for most types of armour.
You have claws for hands.
Your metabolism is lightning-fast.
You like to eat raw meat.
You regenerate.
You are covered in fur (AC +1).
You have very tough skin (AC +2).
You are partially covered in molten scales (AC +1).
You tend to lose your temper in combat.
Scrolls take you a little longer to read.
Your flesh is cold resistant.
Your body sometimes deteriorates upon taking damage.
You are resistant to hostile enchantments.
You are somewhat resistant to further mutation.
You can spit weak poison.
You are very weak. (Str -4)
Your spells are a little easier to cast, but a little less powerful.


Message History

You feel very sick.
The jumping spider leaps!
The wolf spider hits you!
* * * LOW HITPOINT WARNING * * *
The wolf spider bites you!
* * * LOW HITPOINT WARNING * * *
The jumping spider leaps!
You block the jumping spider's attack. You block the jumping spider's attack.
The wolf spider closely misses you. The wolf spider completely misses you.
The jumping spider misses you. The jumping spider bites you.
* * * LOW HITPOINT WARNING * * *
The wolf spider closely misses you. x2
Unknown command.
You feel very sick. The jumping spider pounces on you!
* * * LOW HITPOINT WARNING * * *
The jumping spider bites you.
* * * LOW HITPOINT WARNING * * *
You block the wolf spider's attack. The wolf spider misses you.
The jumping spider leaps!
The jumping spider pounces on you!
You die...

§...# .... ..? ..#
.(## #######§.(
#### ##.#.##.s###
.... #....##.§s.##
....##....@ss....#
...........s.##.##
#........#..# #
#..#...###..#
#####...# ##.#
##...##..# ###
#.......##
##........#
##...........#


You could see 2 wolf spiders, an orb spider and 2 jumping spiders.

Vanquished Creatures
  Rupert (Lair:4)
  Azrael (D:12)
  Snorg (Orc:4)
  The ghost of hannobal the Basher, a journeyman NaAs of Ashenzari (Lair:1)
  Erolcha (D:11)
  3 catoblepae (Lair:8)
  Erica (D:9)
  4 hydras
  2 centaur warriors
  An ogre mage (D:15)
  11 death yaks (Lair:8)
  Urug (Lair:3)
  4 orc high priests (Orc:4)
  2 tengu warriors
  A fire crab (Lair:7)
  Nergalle (D:11)
  A swamp dragon (shapeshifter) (D:14)
  2 unseen horrors
  An orange crystal statue (D:13)
  Pikel (D:8)
  A necromancer (Lair:5)
  3 orc sorcerers (Orc:4)
  3 wolf spiders (Spider:1)
  3 orb spiders (Spider:1)
  7 hill giants
  An oklob plant (Lair:3)
  4 orc knights
  A griffon (D:15)
  2 ugly things
  A hornet (shapeshifter) (D:14)
  6 cyclopes
  2 elephants (Lair:5)
  2 black mambas (Lair:8)
  The ghost of ThereIsNoGod the Sneak, a novice SpEn of Vehumet (D:5)
  An ice statue (D:13)
  Psyche (D:9)
  2 torpor snails
  2 gargoyles
  A kobold demonologist (D:14)
  A yaktaur (D:15)
  3 fire drakes
  10 spiny frogs
  A jumping spider (Spider:1)
  A tengu conjurer (D:14)
  A merfolk (Lair:8)
  7 komodo dragons
  A troll (D:9)
  A two-headed ogre (shapeshifter) (D:15)
  A jumping spider (shapeshifter) (D:14)
  12 blink frogs
  Grinder (D:3)
  Prince Ribbit (D:5)
  10 slime creatures
  A freezing wraith (D:15)
  A boulder beetle (Lair:7)
  A two-headed ogre (D:8)
  A trapdoor spider (D:12)
  A redback (Spider:1)
  6 tarantellas (Spider:1)
  A wraith (D:12)
  A fire bat (Volcano)
  55 yaks
  2 wyverns
  A vampire (D:15)
  3 basilisks
  11 hippogriffs
  11 fire elementals (D:12)
  A deep elf mage (D:13)
  A deep elf fighter (D:8)
  2 wargs
  Menkaure (D:5)
  2 mottled dragons
  5 vampire mosquitoes
  10 wolves
  16 water moccasins
  2 sky beasts
  4 ice beasts
  Duvessa (D:4)
  2 hell hounds (Volcano)
  30 orc warriors
  11 porcupines
  12 ogres
  10 spiders
  2 necrophages
  A wasp (Spider:1)
  3 black bears
  An elephant zombie (Lair:5)
  2 eyes of draining
  3 phantoms
  6 centaurs
  10 crocodiles
  6 big kobolds
  A brain worm (D:14)
  Blork the orc (D:5)
  An elf zombie (Ossuary)
  26 giant frogs
  A wyvern zombie (D:9)
  Dowan (D:4)
  4 scorpions
  2 wyvern skeletons
  A troll skeleton (D:12)
  3 spriggan skeletons (D:12)
  The ghost of Yermak the Skirmisher, a weakling HuAM of Makhleb (D:4)
  10 killer bees
  6 crimson imps
  11 wights
  2 electric eels (Lair:5)
  2 centaur zombies
  9 hounds
  A human zombie (Ossuary)
  36 orc priests
  10 centaur skeletons
  13 jellies
  A quasit (D:9)
  43 orc wizards
  A giant frog skeleton (D:11)
  Terence (D:2)
  16 iguanas
  10 worker ants
  36 sheep
  A big kobold zombie (Ossuary)
  A crocodile zombie (Lair:5)
  A hound zombie (Ossuary)
  A hound skeleton (D:4)
  3 mummies (Ossuary)
  A worker ant zombie (D:5)
  Robin (D:3)
  11 adders
  7 shadow imps
  28 river rats
  4 adder zombies (Ossuary)
  6 oozes
  An adder skeleton (D:5)
  4 worms
  7 giant geckos
  196 orcs
  7 ball pythons
  16 bats
  7 giant cockroaches
  2 gnoll zombies (Ossuary)
  17 goblins
  9 hobgoblins
  7 jackals
  22 kobolds
  4 quokkas
  2 goblin zombies (Ossuary)
  3 hobgoblin zombies (Ossuary)
  3 jackal zombies
  10 kobold zombies (Ossuary)
  2 orc zombies (Ossuary)
  A quokka zombie (Ossuary)
  15 rats
  5 rat zombies (Ossuary)
  A bush (Lair:3)
  A fungus (D:8)
1033 creatures vanquished.

Vanquished Creatures (others)
  An ice beast (D:8)
  A human (D:3)
  A centaur (Volcano)
  A killer bee zombie (D:8)
  21 fungi
  12 plants
37 creatures vanquished.

Grand Total: 1070 creatures vanquished

Notes
Turn   | Place    | Note
--------------------------------------------------------------
     0 | D:1      | inmateoo the Troll Fire Elementalist began the quest for the Orb.
     0 | D:1      | Reached XP level 1. HP: 16/16 MP: 1/1
   186 | D:1      | Reached skill level 1 in Unarmed Combat
   354 | D:1      | Reached XP level 2. HP: 22/24 MP: 2/2
   882 | D:2      | Found a sacrificial altar of Ru.
   892 | D:2      | Reached XP level 3. HP: 32/32 MP: 3/3
  1030 | D:2      | Noticed Terence
  1036 | D:2      | Killed Terence
  1061 | D:2      | Found a sparkling altar of Nemelex Xobeh.
  1398 | D:3      | Found an ancient bone altar of Kikubaaqudgha.
  1398 | D:3      | Noticed a human
  1403 | D:3      | Reached skill level 1 in Fighting
  1413 | D:3      | Reached XP level 4. HP: 22/41 MP: 4/4
  1455 | D:3      | Killed a human
  1625 | D:3      | Found a glowing drain.
  1632 | Sewer    | Entered a sewer
  1695 | Sewer    | Reached skill level 3 in Unarmed Combat
  1705 | Sewer    | Noticed a big kobold
  1724 | Sewer    | Killed a big kobold
  1724 | Sewer    | Reached skill level 1 in Throwing
  1724 | Sewer    | Reached XP level 5. HP: 31/49 MP: 5/5
  1732 | Sewer    | Learned a level 3 spell: Inner Flame
  1744 | Sewer    | Learned a level 3 spell: Conjure Flame
  1849 | Sewer    | Noticed a big kobold
  1868 | Sewer    | Killed a big kobold
  1914 | Sewer    | Reached XP level 6. HP: 48/57 MP: 6/6
  2074 | D:3      | Noticed Grinder
  2074 | D:3      | Paralysed by Grinder for 7 turns
  2084 | D:3      | Paralysed by Grinder for 6 turns
  2094 | D:3      | Paralysed by Grinder for 2 turns
  2358 | D:3      | Found a shattered altar of Ashenzari.
  2460 | D:3      | Reached skill level 4 in Unarmed Combat
  2571 | D:3      | Paralysed by Grinder for 2 turns
  2580 | D:3      | Paralysed by Grinder for 2 turns
  2590 | D:3      | Killed Grinder
  2760 | D:4      | Noticed Duvessa
  2761 | D:4      | Noticed Dowan
  2854 | D:4      | Found Fidism's Antique Weapon Shop.
  3064 | D:4      | Killed Duvessa
  3064 | D:4      | Reached XP level 7. HP: 46/66 MP: 7/7
  3082 | D:4      | Killed Dowan
  3082 | D:4      | Reached skill level 5 in Unarmed Combat
  3277 | D:4      | Noticed Yermak's ghost (weakling HuAM)
  3291 | D:4      | Killed Yermak's ghost
  3341 | D:4      | Noticed Robin
  3376 | D:3      | Killed Robin
  3718 | D:5      | Entered Level 5 of the Dungeon
  3730 | D:5      | Noticed Prince Ribbit
  3750 | D:5      | Killed Prince Ribbit
  3750 | D:5      | Reached skill level 6 in Unarmed Combat
  3750 | D:5      | Reached XP level 8. HP: 19/75 MP: 8/8
  3991 | D:5      | Found a staircase to the Ecumenical Temple.
  3991 | D:5      | Noticed Blork the orc
  3997 | D:5      | Killed Blork the orc
  4014 | Temple   | Entered the Ecumenical Temple
  4029 | Temple   | Became a worshipper of Cheibriados the Contemplative
  4183 | D:5      | Noticed Menkaure
  4189 | D:5      | Killed Menkaure
  4481 | D:5      | Reached skill level 7 in Unarmed Combat
  4497 | D:5      | Gained mutation: Your body sometimes deteriorates upon taking damage. [mutagenic meat]
  4498 | D:5      | Gained mutation: Your flesh is cold resistant. [mutagenic meat]
  4499 | D:5      | Gained mutation: You are resistant to hostile enchantments. [mutagenic meat]
  4501 | D:5      | Gained mutation: You regenerate. [mutagenic meat]
  4502 | D:5      | Gained mutation: Your spells are a little easier to cast, but a little less powerful. [mutagenic meat]
  4512 | D:5      | Noticed ThereIsNoGod's ghost (novice SpEn)
  4524 | D:5      | Killed ThereIsNoGod's ghost
  4524 | D:5      | Reached XP level 9. HP: 84/84 MP: 9/9
  4819 | D:6      | Reached * piety under Cheibriados
  5011 | D:6      | Found an iron altar of Okawaru.
  5235 | D:6      | Found an ancient bone altar of Kikubaaqudgha.
  5236 | D:6      | Found a glowing silver altar of Zin.
  5271 | D:6      | Reached skill level 8 in Unarmed Combat
  5477 | D:6      | Found a deep blue altar of Sif Muna.
  5477 | D:6      | Found a stormy altar of Qazlal.
  5669 | D:6      | Found a blossoming altar of Fedhas.
  5739 | D:6      | Got a steaming ivory amulet
  5740 | D:6      | Identified the amulet "Paikhlykk" {rCorr +Inv Str+4} (You found it on level 6 of the Dungeon)
  6132 | D:7      | Found Wech's Book Shop.
  6202 | D:7      | Reached skill level 5 in Dodging
  6208 | D:7      | Found a sand-covered staircase.
  6214 | Ossuary  | Entered an ossuary
  6235 | Ossuary  | Reached ** piety under Cheibriados
  6313 | Ossuary  | Reached skill level 5 in Throwing
  6374 | Ossuary  | Reached skill level 1 in Invocations
  6468 | Ossuary  | Reached *** piety under Cheibriados
  6524 | D:7      | Found a shimmering altar of Xom.
  7163 | D:8      | Reached skill level 9 in Unarmed Combat
  7240 | D:8      | Reached skill level 5 in Fighting
  7279 | D:8      | Reached **** piety under Cheibriados
  7329 | D:8      | Noticed Pikel
  7341 | D:8      | Killed Pikel
  7341 | D:8      | Reached XP level 10. HP: 92/96 MP: 10/10
  7501 | D:8      | Found a staircase to the Lair.
  7861 | D:9      | Noticed Psyche
  7861 | D:9      | Reached ***** piety under Cheibriados
  7869 | D:9      | Killed Psyche
  8019 | D:9      | Noticed Erica
  8028 | D:9      | Killed Erica
  8028 | D:9      | Reached skill level 10 in Unarmed Combat
  8628 | D:10     | Entered Level 10 of the Dungeon
  8948 | D:10     | Reached XP level 11. HP: 105/105 MP: 12/12
  9625 | D:11     | Noticed Erolcha
  9629 | D:11     | Killed Erolcha
  9630 | D:11     | Noticed Nergalle
  9738 | D:11     | Killed an unseen horror
  9738 | D:11     | Reached skill level 11 in Unarmed Combat
  9742 | D:11     | Killed Nergalle
  9867 | D:11     | Found a staircase to the Orcish Mines.
  9877 | D:11     | Found a roughly hewn altar of Beogh.
 10140 | D:11     | Learned a level 4 spell: Petrify
 10322 | D:12     | Reached skill level 1 in Earth Magic
 10405 | D:12     | Reached skill level 5 in Invocations
 10467 | D:12     | Identified a +0 rod of clouds (10/10) (You found it on level 12 of the Dungeon)
 10547 | D:12     | Found Kohalaoj's Book Emporium.
 10686 | D:12     | Noticed a hill giant
 10692 | D:12     | Killed a hill giant
 10692 | D:12     | Reached skill level 1 in Transmutations
 10702 | D:12     | Gained mutation: You are weak. (Str -2) [mutagenic meat]
 10755 | D:12     | Reached XP level 12. HP: 105/115 MP: 14/14
 10818 | D:12     | Reached ****** piety under Cheibriados
 10938 | D:12     | Noticed Azrael
 10945 | D:12     | Killed Azrael
 11129 | D:12     | Noticed a hill giant
 11135 | D:12     | Killed a hill giant
 11135 | D:12     | Reached skill level 12 in Unarmed Combat
 11349 | D:13     | Gained mutation: You are partially covered in molten scales (AC +1). [potion of mutation]
 11349 | D:13     | Gained mutation: You are frail (-10% HP). [potion of mutation]
 11349 | D:13     | Gained mutation: You are very weak. (Str -4) [potion of mutation]
 11350 | D:13     | Gained mutation: Scrolls take you a little longer to read. [potion of mutation]
 11350 | D:13     | Gained mutation: You tend to lose your temper in combat. [potion of mutation]
 11577 | D:13     | Noticed a centaur warrior
 11652 | D:13     | Killed a centaur warrior
 12113 | D:13     | Noticed a centaur warrior
 12242 | D:14     | Noticed a four-headed hydra
 12246 | D:14     | Killed a four-headed hydra
 12346 | D:14     | Found a gate to the Vaults.
 12354 | D:14     | Reached XP level 13. HP: 104/111 MP: 16/16
 12399 | D:14     | Lost mutation: You are frail (-10% HP). [mutagenic meat]
 12400 | D:14     | Gained mutation: You are somewhat resistant to further mutation. [mutagenic meat]
 13160 | D:14     | Found a deep blue altar of Sif Muna.
 13220 | D:15     | Entered Level 15 of the Dungeon
 13289 | D:15     | Gained mutation: You can spit weak poison. [mutagenic meat]
 13396 | D:15     | Reached skill level 1 in Shields
 13482 | D:15     | Found a glowing golden altar of the Shining One.
 13483 | D:15     | Found a shadowy altar of Dithmenos.
 13483 | D:15     | Found a glowing silver altar of Zin.
 13713 | D:15     | Found a staircase to the Depths.
 13751 | D:15     | Reached skill level 13 in Unarmed Combat
 14287 | Lair:1   | Entered Level 1 of the Lair of Beasts
 14290 | Lair:1   | Noticed hannobal's ghost (journeyman NaAs)
 14413 | Lair:1   | Killed hannobal's ghost
 15899 | Lair:2   | Learned a level 6 spell: Deflect Missiles
 16690 | Lair:3   | Noticed Urug
 16700 | Lair:3   | Killed Urug
 16769 | Lair:3   | Reached skill level 5 in Earth Magic
 16769 | Lair:3   | Reached XP level 14. HP: 135/135 MP: 18/18
 16926 | Lair:3   | Found a hole to the Spider Nest.
 17453 | Lair:4   | Found a staircase to the Shoals.
 17484 | Lair:4   | Noticed Rupert
 17497 | Lair:4   | Killed Rupert
 19425 | Lair:6   | Learned a level 2 spell: Stoneskin
 20235 | Lair:8   | Entered Level 8 of the Lair of Beasts
 20326 | Lair:8   | Found a dark tunnel.
 20335 | Volcano  | Entered a volcano
 20493 | Lair:8   | Reached skill level 14 in Unarmed Combat
 20684 | Lair:8   | Found a staircase to the Slime Pits.
 21129 | Lair:8   | Reached XP level 15. HP: 76/145 MP: 20/20
 22280 | Orc:1    | Entered Level 1 of the Orcish Mines
 23719 | Orc:3    | Found a roughly hewn altar of Beogh.
 23796 | Orc:3    | Found a staircase to the Elven Halls.
 24241 | Orc:4    | Entered Level 4 of the Orcish Mines
 24567 | Orc:4    | Noticed Snorg
 24579 | Orc:4    | Killed Snorg
 24754 | Orc:4    | Found Pion's Food Boutique.
 24754 | Orc:4    | Found Noafuqit's Jewellery Shop.
 24756 | Orc:4    | Found Booruuqi's Food Shop.
 24761 | Orc:4    | Found Kann's Food Boutique.
 24813 | Orc:4    | Bought an uncursed ring of see invisible for 255 gold pieces
 25387 | Spider:1 | Entered Level 1 of the Spider Nest
 25499 | Spider:1 | Learned a level 2 spell: Repel Missiles
 25504 | Spider:1 | Learned a level 4 spell: Passage of Golubria
 25617 | Spider:1 | Reached skill level 5 in Transmutations
 25709 | Spider:1 | Slain by a jumping spider

Action                   |  1- 3 |  4- 6 |  7- 9 | 10-12 | 13-15 || total
-------------------------+-------+-------+-------+-------+-------++-------
Melee: Unarmed           |   106 |   187 |   394 |   506 |  1638 ||  2831
       Scimitar          |       |       |       |       |     3 ||     3
Throw: Large rock        |     3 |       |    16 |    32 |    37 ||    88
       Throwing net      |       |       |     5 |       |       ||     5
 Cast: Flame Tongue      |       |     1 |     2 |       |       ||     3
       Repel Missiles    |       |       |       |       |     1 ||     1
Invok: Slouch            |       |       |       |     6 |    12 ||    18
       Temporal Distorti |       |       |       |     2 |       ||     2
Evoke: Deck              |       |       |       |       |    13 ||    13
       Wand              |       |       |       |       |     3 ||     3
       Rod               |       |       |       |       |     1 ||     1
  Use: Scroll            |     4 |     8 |     7 |    10 |    11 ||    40
       Potion            |       |       |     1 |     4 |     3 ||     8
 Stab: Sleeping          |     1 |       |     2 |    10 |    25 ||    38
       Held in net/web   |       |       |     3 |       |       ||     3
       Distracted        |       |       |       |     1 |     5 ||     6
       Confused          |       |       |       |       |     2 ||     2
       Petrifying        |       |       |       |       |     1 ||     1
  Eat: Chunk             |    15 |    17 |    41 |    32 |   118 ||   223
       Beef jerky        |       |       |       |       |     2 ||     2
       Pizza             |       |       |       |       |     3 ||     3
